 Dungeon Crawl Stone Soup version 0.31-a0-431-g88bdf31460 (webtiles) character file.

Game seed: 1018696830775955699

65 sampeng1 the Chopper (level 4, 0/34 HPs)
             Began as a Human Reaver on Aug 1, 2023.
             Succumbed to an adder's poison
             ... on level 2 of the Dungeon.
             The game lasted 00:05:15 (1205 turns).

sampeng1 the Chopper (Human Reaver)                 Turns: 1205, Time: 00:05:16

Health: 0/34       AC:  6    Str: 14    XL:     4   Next: 35%
Magic:  7/7        EV:  9    Int: 13    God:
Gold:   34         SH:  7    Dex: 12    Spells: 6/7 levels left

rFire   . . .        a - +0 hand axe
rCold   . . .        e - +0 kite shield
rNeg    . . .        f - +0 ring mail
rPois   .            (no helmet)
rElec   .            (no cloak)
rCorr   .            (no gloves)
SInv    .            d - +0 pair of boots
Will    .....        (no amulet)
Stlth   +            (no ring)
HPRegen 0.25/turn    (no ring)
MPRegen 0.10/turn

%: no passive effects
@: lethally poisoned (0 -> -3)
A: no striking features
a: no special abilities


You were on level 2 of the Dungeon.
You visited 1 branch of the dungeon, and saw 2 of its levels.

You collected 54 gold pieces.
You spent 20 gold pieces at shops.

Inventory:

Hand Weapons
 a - a +0 hand axe (weapon)
Missiles
 k - 3 poisoned darts
Armour
 b - a +0 leather armour
 d - a +0 pair of boots (worn)
 e - a +0 kite shield (worn)
 f - a +0 ring mail (worn)
Scrolls
 c - 3 scrolls of fog {unknown}
 i - a scroll of amnesia {unknown}
 j - a scroll of identify
 l - a scroll of enchant weapon {unknown}
Potions
 g - a potion of brilliance {unknown}
 h - a potion of mutation {unknown}
 m - a potion of cancellation {unknown}


   Skills:
 + Level 2.5 Fighting
 + Level 3.4 Axes
 + Level 1.0 Armour
 + Level 2.6 Dodging
 + Level 1.0 Shields
 - Level 2.1 Spellcasting
 - Level 3.1 Conjurations


You had 6 spell levels left.
You knew the following spells:

 Your Spells              Type           Power      Damage    Failure   Level
a - Kiss of Death         Conj/Necr      20%        2d7       69%         1

Your spell library contained the following spells:

 Spells                   Type           Power      Damage    Failure   Level
 Momentum Strike          Conj/Tloc      10%        3d8       83%         2
 Hailstorm                Conj/Ice       5%         3d4       96%         3


Dungeon Overview and Level Annotations

Branches:
Dungeon (2/15)

Altars:

Shops:
D:1 :**[


Message History

The adder bites you but does no damage.
You barely miss the adder. You hit the adder.
You feel sick. The adder barely misses you.
The adder bites you but does no damage. You block the adder's attack.
The adder bites you but does no damage.
You barely miss the adder. You hit the adder but do no damage.
You feel sick. The adder bites you but does no damage. The adder bites you.
The adder bites you but does no damage. The adder attacks as you move away!
The adder bites you.
* * * LOW HITPOINT WARNING * * *
You feel sick. You block the adder's attack.
You hit the adder.
The adder is heavily wounded.
You feel sick. The adder bites you but does no damage.
You miss the adder.
The adder is heavily wounded.
You feel sick. The adder closely misses you.
The adder bites you but does no damage.
You miss the adder.
The adder is moderately wounded.
You feel sick.
You are no longer poisoned.
The adder bites you.
* * * LOW HITPOINT WARNING * * *
The adder barely misses you.
You hit the adder.
The adder is heavily wounded.
The adder barely misses you.
You hit the adder.
The adder is severely wounded.
You block the adder's attack. The adder closely misses you.
You closely miss the adder.
The adder is severely wounded.
The adder bites you.
* * * LOW HITPOINT WARNING * * *
You are lethally poisoned!
The adder poisons you! The adder bites you.
* * * LOW HITPOINT WARNING * * *
You hit the adder.
You kill the adder!
You die...

###################
#####.........##......#
#.....####..#.#........
##.##.##..##.#..........
##..##.+....#.##.........
#....†.#..$.#............
######...#####S.##............
#.......##.###†##.......).....
#.......#...'@###+#...........
#.......##(###+ ##....).....
#........#)#.# #..........
#............# #..>.....>.
#######....#.# #..........
######.# #.......... .
#.#......... #. ..#........#
## ......####


You could see an adder.

Vanquished Creatures
  3 adders (D:2)
  A worm (D:2)
  A dart slug (D:2)
  3 ball pythons
  5 endoplasms
  A giant cockroach (D:2)
  4 goblins
  2 hobgoblins (D:1)
  2 jackals (D:1)
  2 quokkas (D:2)
  5 bats
  2 frilled lizards (D:2)
  5 kobolds
  5 rats
41 creatures vanquished.

Notes
Turn   | Place    | Note
-------+----------+-------------------------------------------
     0 | D:1      | sampeng1 the Human Reaver began the quest for the Orb.
     0 | D:1      | Reached XP level 1. HP: 16/16 MP: 3/3
   125 | D:1      | Reached XP level 2. HP: 14/16 MP: 5/5
   395 | D:1      | Found Ceheoxeg's General Store.
   534 | D:1      | Found Ymeor's General Store.
   547 | D:1      | Found Tohaluecw's Armour Shop.
   555 | D:1      | Reached XP level 3. HP: 20/22 MP: 6/6
   612 | D:1      | Bought a scroll of identify for 20 gold pieces
   658 | D:1      | Found Jizievuli's Book Shop.
   928 | D:2      | HP: 1/24 [poisoned by an adder]
  1130 | D:2      | Reached XP level 4. HP: 31/33 MP: 7/7
  1175 | D:2      | Reached skill level 1 in Shields
  1182 | D:2      | Reached skill level 1 in Armour
  1205 | D:2      | Succumbed to an adder's poison

Illustrated notes

Levels and vault maps discovered:
D:1:      tekkud_arrival_beachfront_property, layout_rooms, serial_shops, shop,
          shop, nicolae_shop_waterfront, shop
D:2:      cheibrodos_greedy_goblins, layout_rooms, minmay_joined_circles

Skill      XL: |  1  2  3  4 |
---------------+-------------+-----
Shields        | 1 |  1.0
Armour         | 1 |  1.0
Fighting       | |  2.5
Axes           | |  3.4
Dodging        | |  2.6
Spellcasting   | |  2.1
Conjurations   | |  3.1

Action                     |  1- 3 |  4- 6 || total
---------------------------+-------+-------++-------
  Melee: Hand axe          |   106 |    30 ||   136
   Cast: Kiss of Death     |     2 |       ||     2
 Armour: Leather armour    |     7 |       ||     7
         Ring mail         |    43 |    15 ||    58
  Dodge: Dodged            |    53 |    12 ||    65
  Block: Kite shield       |    30 |    13 ||    43

Table legend: (Time is in decaauts)
 A = Elapsed time spent in this place.
 B = Non-inter-level travel time spent in this place.
 C = Inter-level travel time spent in this place.
 D = Time resting spent in this place.
 E = Time spent auto-exploring this place.
 F = Levels seen in this place.
 G = Mean time per level.
                   A        B        C        D        E       F      G
               +--------+--------+--------+--------+--------+-----+--------+
         Total |   1249 |   1197 |     52 |      0 |    767 |   2 |  624.5 |
       Dungeon |   1249 |   1197 |     52 |      0 |    767 |   2 |  624.5 |
               +--------+--------+--------+--------+--------+-----+--------+

Top non-repeatable levels by time:
     D:1: 871 daAuts
     D:2: 378 daAuts
